Map: Ulrena

Players

LilDicky - Winner!

  • Race: Terran Terran
  • League: Diamond

Ben

  • Race: Terran Terran
  • League: Platinum

VOD

http://www.twitch.tv/tumescentpie

Description

Time

  • Played on: Jan. 1, 2016, 5:26 p.m.
  • Length: 12:43
Show
View Real Time Build Order
Export as new Build Order

LilDicky Terran - Winner!

Build Orders: Liberator Opening 

Get SALT Encoding   

  12  0:01  SCV  
  13  0:13  SCV  
  14  0:18  Supply Depot  
  14  0:25  SCV  
  15  0:37  Refinery  
  15  0:39  SCV  
  16  0:45  Barracks  
  16  0:52  SCV  
  17  1:07  SCV  
  18  1:19  SCV  
  19  1:32  Marine  
  21  1:34  Supply Depot  
  21  1:36  Orbital Command  
  21  1:38  Refinery  
  20  1:51  Marine  
  21  2:00  Factory  
  21  2:04  SCV  
  22  2:09  Marine  
  22  2:15  Supply Depot  
  23  2:23  SCV  
  23  2:26  Marine  
  25  2:45  Marine  
  25  2:47  Factory Tech Lab  
  25  2:48  Starport  
  26  2:58  Supply Depot  
  23  3:09  Liberator  
  19  3:13  Marine  
  19  3:14  Siege Tank  
  22  3:29  Supply Depot  
  22  3:31  Marine  
  16  4:02  SCV  
  17  4:14  SCV  
  17  4:16  Starport Tech Lab  
  18  4:18  Siege Tank  
  21  4:26  SCV, Marine  
  23  4:37  Banshee  
  23  4:38  SCV  
  27  5:10  SCV  
  28  5:15  Cloaking Field  
  28  5:31  Command Center  
  28  5:46  Siege Tank  
  31  5:50  Marine  
  32  6:10  SCV  
  33  6:20  Banshee  
  33  6:22  Supply Depot, SCV  
  37  6:34  SCV  
  38  7:05  SCV  
  38  7:06  Orbital Command  
  39  7:10  Banshee, Barracks  
  39  7:11  Engineering Bay  
  42  7:17  SCV  
  43  7:29  SCV  
  44  7:34  Siege Tank  
  44  7:58  Viking  
  43  8:09  SCV  
  44  8:25  SCV  
  45  8:35  Viking  
  45  8:36  Siege Tank  
  45  8:37  Marine  
  45  8:40  SCV x2  
  53  8:43  Barracks  
  53  8:45  Marine  
  52  8:52  SCV  
  52  8:55  Marine  
  43  9:03  Marine  
  43  9:06  SCV  
  45  9:13  SCV, Marine  
  44  9:44  Banshee  
  44  9:45  Siege Tank  
  44  9:46  Marine x3  
  50  10:04  Marine x3  
  42  10:22  Barracks, Marine x2  
  42  10:23  Barracks x2  
  42  10:24  Barracks  
  44  10:28  Starport  
  44  10:30  SCV  
  44  10:33  Refinery  
  42  10:36  Siege Tank  
  42  10:40  Refinery  
  42  10:41  Banshee  
  48  10:44  SCV  
  46  11:26  Banshee  
  46  11:27  Viking  
  46  11:29  Marine x7  
  58  11:47  Marine x3  
  58  11:52  SCV x2  
  60  11:54  Marine x2  
  60  11:55  Marine x2  
  60  11:57  Viking  
  66  12:04  SCV, Marine x2  
  66  12:05  Marine  
  70  12:12  Command Center  
  70  12:15  Supply Depot  
  70  12:20  Supply Depot  
  70  12:28  SCV  
Show
View Real Time Build Order
Export as new Build Order

Ben Terran 

Build Orders:  

Get SALT Encoding   

  12  0:00  SCV  
  13  0:12  SCV  
  14  0:21  Supply Depot  
  14  0:24  SCV  
  15  0:42  SCV  
  16  0:43  Barracks  
  16  0:54  SCV  
  17  1:01  Barracks  
  17  1:06  SCV  
  18  1:16  Supply Depot  
  18  1:18  SCV  
  19  1:25  Barracks  
  19  1:30  Marine  
  20  1:33  SCV  
  21  1:45  Orbital Command  
  21  1:50  Marine x2  
  23  1:57  Supply Depot  
  23  2:08  Marine x2  
  24  2:14  Barracks  
  25  2:18  Marine  
  26  2:25  Marine  
  26  2:26  Marine  
  26  2:29  Supply Depot  
  28  2:36  Marine  
  29  2:43  Marine  
  29  2:44  Marine  
  30  2:54  Marine  
  31  3:01  Marine x2  
  31  3:11  Marine  
  29  3:19  Marine x2  
  27  3:20  Marine  
  27  3:29  Marine  
  28  3:37  Marine x2  
  28  3:38  Marine  
  30  3:47  Marine  
  30  3:55  Marine  
  28  3:56  Marine  
  28  4:01  SCV  
  28  4:03  Refinery x2  
  27  4:13  Marine  
  28  4:19  SCV  
  29  4:31  SCV, Marine  
  28  4:48  Marine  
  29  4:56  SCV  
  30  5:08  Command Center, SCV  
  30  5:11  Engineering Bay  
  31  5:21  SCV  
  32  5:25  Supply Depot  
  32  5:27  Supply Depot  
  32  5:33  SCV  
  33  5:41  Barracks Tech Lab x2  
  33  5:42  Barracks Tech Lab  
  33  5:47  Factory  
  34  5:50  SCV  
  34  5:53  Command Center  
  34  6:02  SCV  
  32  6:04  Marauder  
  32  6:05  Marauder x2  
  32  6:07  Barracks Tech Lab  
  37  6:14  SCV, Missile Turret  
  38  6:26  SCV, Marauder  
  41  6:36  Starport  
  41  6:38  SCV  
  39  6:48  Siege Tank  
  39  6:50  SCV  
  39  6:53  Marine  
  46  7:02  SCV  
  46  7:04  Supply Depot  
  46  7:05  Marauder  
  46  7:07  Orbital Command  
  49  7:14  Viking  
  47  7:44  SCV, Viking  
  48  7:45  SCV  
  48  7:56  SCV  
  47  8:01  SCV  
  48  8:08  SCV  
  47  8:13  SCV  
  47  8:17  Supply Depot  
  47  8:20  SCV  
  47  8:25  SCV  
  48  8:32  SCV  
  49  8:37  SCV  
  50  8:44  SCV  
  51  8:49  SCV  
  38  8:57  SCV  
  38  9:00  Viking  
  39  9:05  Marine x2  
  39  9:08  Factory Tech Lab  
  37  9:12  SCV  
  36  9:23  Marine x2  
  36  9:24  SCV  
  37  9:30  Viking  
  39  9:34  Siege Tank  
  39  9:37  SCV  
  41  9:41  Marine x2  
  40  9:52  SCV  
  41  9:58  Marine  
  42  10:00  Viking  
  28  10:22  Orbital Command  
  28  10:30  Viking  
  28  10:34  SCV  
  31  10:47  SCV  
  31  10:48  SCV  
  33  10:59  SCV  
  28  11:11  SCV  
  25  11:15  Siege Tank  
  22  11:31  SCV  
  21  11:43  SCV  
  17  12:05  Marine  
  18  12:16  Orbital Command  
Tags
 
Add a new tag
Caveats
  • Supply blocks, unpowered buildings, or Contaminate may cause inaccurate times.
  • Supply counts are checked every 10 seconds.